 Dungeon Crawl Stone Soup version bcrawl-1.17.3 (webtiles) character file.

Game seed: 2725412379726768729

102 Chiseanne the Cudgeler (level 4, -8/35 HPs)
             Began as a Mummy Archaeologist on Oct 25, 2019.
             Killed by divine providence
             ... invoked by an orc priest
              (10 damage)
             ... on level 2 of the Dungeon.
             The game lasted 00:02:43 (2015 turns).

Chiseanne the Cudgeler (Mummy Archaeologist)        Turns: 2015, Time: 00:02:43

Health: -8/35      AC:  8    Str: 14    XL:     4   Next: 49%
Magic:  4/4        EV: 12    Int: 14    God:
Gold:   216        SH:  0    Dex: 10    Spells: 3/3 levels left

rFire    . . .     SeeInvis .   h - +0 hand axe (pain)
rCold    + . .     Gourm    .   (no shield)
rNeg     + + +     Faith    .   k - +2 robe {rF+}
rPois    ∞         Spirit   .   c - +1 hat
rElec    .         Reflect  .   (no cloak)
rCorr    .         Harm     .   g - +0 pair of gloves
MR       .....     Clarity  +   d - +1 pair of boots
Stlth    ++........             (no amulet)
HPRegen  0.11/turn              (no ring)
MPRegen  0.09/turn              (no ring)

@: studying Maces & Flails
A: no food or potions, fire vulnerability, clarity, cold resistance 1, negative
energy resistance 3, torment resistance, unbreathing
a: no special abilities


You were on level 2 of the Dungeon.
You were not hungry.

You visited 1 branch of the dungeon, and saw 3 of its levels.

You collected 216 gold pieces.

Inventory:

Hand Weapons
 b - a cursed -1 club
 h - a +0 hand axe of pain (weapon)
Missiles
 a - 506 stones (quivered)
 i - 132 sling bullets
Armour
 c - a +1 hat (worn)
 d - a +1 pair of boots (worn)
 g - a +0 pair of gloves (worn)
 k - a +2 robe of fire resistance (worn)
Jewellery
 n - an uncursed ring of protection from magic {unknown}
Scrolls
 j - a scroll of fear
Books
 e - a manual of Maces & Flails
Miscellaneous
 f - an ancient crate


   Skills:
 - Level 3.0 Fighting
 + Level 3.8 Maces & Flails
 - Level 2.4 Dodging
 - Level 2.6 Stealth


You had 3 spell levels left.
You didn't know any spells.
Your spell library was empty.

Dungeon Overview and Level Annotations

Branches:
Dungeon (3/12)

Altars:
Ru


Innate Abilities, Weirdness & Mutations

You do not eat or drink.
Your flesh is vulnerable to fire.
You are immune to poison.
You possess an exceptional clarity of mind.
Your flesh is cold resistant. (rC+)
You are immune to negative energy. (rN+++)
You are immune to unholy pain and torment.
You can survive without breathing.


Message History

Beogh smites you!
* * * LOW HITPOINT WARNING * * *
You hit the orc priest but do no damage.
The orc priest is moderately wounded.
The orc priest hits you but does no damage.
You barely miss the orc priest.
The orc priest is moderately wounded.
The orc priest closely misses you.
You hit the orc priest but do no damage.
The orc priest is moderately wounded.
The orc priest hits you with a +0 flail.
* * * LOW HITPOINT WARNING * * *
You closely miss the orc priest.
The orc priest is moderately wounded.
The orc priest hits you but does no damage.
You slash the orc priest!
The orc priest is almost dead.
The orc priest mumbles some strange prayers to Beogh against you.
Beogh smites you!
You die...

...##.# #.#####..#
##.##.# #........#
...##.# ########.#
##.##.# ###.#
.....%####### #...#
...####.....# #.###
#### #.....# #.# ...#
#.....# #o# ##.#
#.....# #@# ##.#
#.....# #.# .#.#
##...## #.# .#.##
#.#.# #.#
....####.#.#####.##
..).#....#....#...##
....[.#######......#
######
#.#......#....#...###
#.....
.#.#.#<#.#..##......#
###.####


You could see an orc priest.

Vanquished Creatures
  Jessica (D:2)
  An adder (D:2)
  2 oozes
  5 dart slugs
  2 leopard geckos
  3 giant cockroaches
  2 goblins
  6 hobgoblins
  6 jackals (D:2)
  4 kobolds
  4 bats
  3 frilled lizards
  7 rats
46 creatures vanquished.

Notes
Turn   | Place    | Note
-------+----------+-------------------------------------------
     0 | D:1      | Chiseanne the Mummy Archaeologist began the quest for the
                  | Orb.
     0 | D:1      | Reached XP level 1. HP: 15/15 MP: 1/1
   321 | D:1      | Reached XP level 2. HP: 21/22 MP: 2/2
   690 | D:1      | Reached XP level 3. HP: 25/29 MP: 3/3
   763 | D:1      | Reached skill level 1 in Maces & Flails
  1025 | D:2      | Found a sacrificial altar of Ru.
  1025 | D:2      | Noticed Jessica
  1040 | D:2      | Killed Jessica
  1073 | D:2      | Reached XP level 4. HP: 17/35 MP: 4/4
  2015 | D:2      | Killed from afar by an orc priest

Skill      XL: |  1  2  3 |
---------------+----------+-----
Fighting       | 2 3 |  3.0
Maces & Flails | 3 |  3.8
Dodging        | |  2.4
Stealth        | |  2.6

Action                   |  1- 3 |  4- 6 || total
-------------------------+-------+-------++-------
Melee: Hand axe          |   109 |    70 ||   179
       Whip              |    11 |       ||    11
  Use: Scroll            |       |     4 ||     4
 Stab: Sleeping          |     2 |     1 ||     3
Armor: Robe              |    22 |    25 ||    47
       Ring mail         |    41 |       ||    41
Dodge: Dodged            |    99 |    45 ||   144
